 Dungeon Crawl Stone Soup version 0.29.1-15-g9cfb28693d (webtiles) character file.

Game seed: 8857707500856914234

12721 hawla the Arsonist (level 12, 0/136 HPs)
             Began as a Meteoran Fire Elementalist on Apr 10, 2023.
             Was an Elder of Vehumet.
             Slain by an orc warrior
             ... wielding a +0 hand axe
              (5 damage)
             ... on level 2 of the Orcish Mines.
             The game lasted 00:26:04 (6389 turns).

hawla the Arsonist (Meteoran Fire Elementalist)     Turns: 6389, Time: 00:26:04

Health: 0/136      AC: 30    Str: 13    XL:     12   Next: 53%
Magic:  22/28      EV:  2    Int: 19    God:    Vehumet [****..]
Gold:   350        SH:  0    Dex: 19    Spells: 18/33 levels left

rFire   . . .      SeeInvis +   w - +3 dagger (venom)
rCold   . . .      Faith    .   g - orb {*channel}
rNeg    . . .      Spirit   .   (body armour currently unavailable)
rPois   +          Reflect  +   (helmet currently unavailable)
rElec   .          Harm     .   (cloak currently unavailable)
rCorr   .          Rampage  .   (gloves currently unavailable)
Will    +....      NoTele   +   (boots currently unavailable)
Stlth   +.........              b - amulet of reflection
HPRegen 0.32/turn               o - +4 ring of evasion
MPRegen 0.21/turn               q - +4 ring of protection

@: confused, tree-form, glowing
A: stationary, stasis, torment immunity, boosted hp, sense surroundings 2,
otherworldly, glowing, explore regen, see invisible, agile 1, strong 1, wild
magic 1
a: Renounce Religion


You were on level 2 of the Orcish Mines.
You worshipped Vehumet.
Vehumet was greatly pleased with you.
You were a tree.
You visited 2 branches of the dungeon, and saw 12 of its levels.

You collected 840 gold pieces.
You spent 490 gold pieces at shops.

Inventory:

Hand Weapons
 e - a +0 long sword
 w - a +3 dagger of venom (weapon)
Armour
 d - a +0 helmet (melded)
 g - an orb of energy (worn)
 h - a +0 pair of boots (melded)
 j - a +0 cloak (melded)
 n - +0 steam dragon scales (melded)
 A - a +0 pair of gloves (melded)
Jewellery
 b - an amulet of reflection (around neck)
 o - a +4 ring of evasion (left branch)
 q - a +4 ring of protection (right branch)
Wands
 c - a wand of paralysis (1)
 r - a wand of flame (15) (quivered)
 u - a wand of acid (2)
 x - a wand of polymorph (14)
Scrolls
 a - 2 scrolls of identify
 f - 2 scrolls of immolation
 v - a scroll of poison
Potions
 i - a potion of curing
 k - a potion of might
 m - a potion of flight
 p - a potion of resistance {unknown}
 t - a potion of attraction {unknown}
 C - a potion of haste


   Skills:
 + Level 4.1 Fighting
 + Level 4.0 Short Blades
 + Level 7.1 Dodging
 - Level 1.4 Stealth
 + Level 11.4 Spellcasting
 + Level 6.9 Conjurations
 + Level 6.1 Necromancy
 + Level 11.5 Fire Magic
 + Level 6.1 Air Magic
 * Level 6.7 Evocations


You had 18 spell levels left.
You knew the following spells:

 Your Spells              Type           Power      Damage    Failure   Level
a - Foxfire               Conj/Fire      100%       2x1d9     1%          1
b - Scorch                Fire           100%       2d10      1%          2
c - Flame Wave            Conj/Fire      56%        2d13      1%          4
d - Airstrike             Air            22%        2d(4-20)  2%          4
e - Dispel Undead         Necr           44%        3d17      8%          4

Your spell library contained the following spells:

 Spells                   Type           Power      Damage    Failure   Level
 Fireball                 Conj/Fire      28%        3d12      1%          5
 Static Discharge         Conj/Air       46%        3-9/arc   1%          2
 Conjure Flame            Conj/Fire      56%        6-21      1%          3
 Inner Flame              Hex/Fire       42%        N/A       1%          3
 Sticky Flame             Conj/Fire      56%        2d7       1%          4
 Lightning Bolt           Conj/Air       23%        1d38      4%          5
 Gell's Gravitas          Tloc           14%        N/A       26%         3
 Teleport Other           Tloc           14%        N/A       26%         3
 Tukima's Dance           Hex            14%        N/A       26%         3
 Anguish                  Hex/Necr       14%        N/A       26%         4
 Summon Lightning Spire   Summ/Air       29%        N/A       26%         4
 Yara's Violent Unravell  Hex/Tmut       7%         3d5       45%         5
 Passage of Golubria      Tloc           14%        N/A       63%         4
 Dispersal                Tloc           7%         N/A       100%        6
 Enfeeble                 Hex            7%         N/A       100%        7


Dungeon Overview and Level Annotations

Branches:
Dungeon (10/15) Zot: 92    Temple (0/1) D:7             Orc (2/2) D:10 Zot: 753
    Elf (0/3) Orc:2
   Lair: D:8-11

Altars:
Ashenzari
Dithmenos
Ru
Trog
Uskayaw
Vehumet
Xom
Yredelemnul

Shops:
Orc:1 !


Innate Abilities, Weirdness & Mutations

You are a tree.
Your roots penetrate the ground, keeping you stationary.
You cannot be teleported.
You are immune to unholy pain and torment.
Your maximum health is greatly increased.
Your equipment is partially melded.
You passively map the area around you.
You are easily found by Zot.
You glow in the dark.
You regain HP and MP as you explore.
You have supernaturally acute eyesight. (SInv)
You are agile. (Dex +4, Str/Int -1)
Your muscles are strong. (Str +4, Int/Dex -1)
Your spells are a little harder to cast, but a little more powerful.


Message History

You feel invigorated.
The orc knight hits you with a +0 battleaxe.
* * * LOW HITPOINT WARNING * * *
The warg bites you.
* * * LOW HITPOINT WARNING * * *
The orc warrior shoots a bolt.
The bolt hits you but does no damage.
You cannot move. (Use ctrl+direction or * direction to attack while stationary and confused.)
You miss the warg. The warg bites you.
* * * LOW HITPOINT WARNING * * *
The orc knight hits you but does no damage.
The orc warrior shoots a bolt.
The bolt hits you.
* * * LOW HITPOINT WARNING * * *
Unknown command.
You hit the warg but do no damage. The warg bites you but does no damage.
The orc knight hits you with a +0 battleaxe!
* * * LOW HITPOINT WARNING * * *
Unknown command.
You swing at nothing.
You feel less invigorated.
The orc warrior shoots a bolt.
The bolt hits you!
* * * LOW HITPOINT WARNING * * *
The warg bites you but does no damage.
You cannot move. (Use ctrl+direction or * direction to attack while stationary and confused.)
You miss the warg.
The orc knight hits you with a +0 battleaxe.
* * * LOW HITPOINT WARNING * * *
The warg bites you but does no damage.
You cannot move. (Use ctrl+direction or * direction to attack while stationary and confused.)
You hit the warg but do no damage.
The warg is poisoned.
The orc warrior no longer looks unusually strong.
The warg bites you but does no damage.
An orc warrior comes into view. It is wielding a +0 long sword.
The orc warrior hits you but does no damage.
The orc knight roars a battlecry!
The orc warriors go into a battle-frenzy!
You puncture the orc warrior!
The orc warrior is poisoned.
The orc warrior is moderately wounded.
The warg bites you!
* * * LOW HITPOINT WARNING * * *
The orc warrior hits you with a +0 hand axe.
You die...

...................#, ** *
.........))...........#. ,
.......#..o....#.....#.#
,,,
.......>............#... ,
........................,,
.......................
..............o.......#
)..............oh.#...##
).)............o♣....... *
...............†........
........................ ,
#.#.#.##......##..#.#.##*,
##################### # *


You could see an orc knight, a warg (poisoned) and 3 orc warriors.

Vanquished Creatures
  2 two-headed ogres (D:10)
  3 orc knights (Orc:2)
  An orc sorcerer (Orc:1)
  A cyclops (D:9)
  4 trolls
  2 hornets
  2 shadows (D:10)
  2 vampires
  2 wyverns
  2 wraiths
  8 yaks
  A steam dragon (D:8)
  A water moccasin (D:8)
  4 wargs (Orc:2)
  2 sky beasts
  13 orc warriors
  An ice beast (D:7)
  5 black bears
  3 ogres
  2 centaurs
  3 phantoms
  2 kobold brigands
  4 scorpions
  2 gnoll sergeants
  3 necrophages
  3 wights (D:8)
  11 killer bees
  6 howler monkeys
  6 hounds
  4 orc priests
  2 jellies
  A gnoll bouda (D:8)
  2 iguanas
  7 orc wizards
  8 ogre zombies (D:10)
  5 adders
  15 gnolls
  An ufetubus (D:5)
  A worm (D:4)
  2 dart slugs
  55 orcs
  6 endoplasms
  2 giant cockroaches
  6 goblins
  6 hobgoblins
  A jackal (D:2)
  11 kobolds
  3 quokkas
  9 ball pythons
  2 bats (D:2)
  3 frilled lizards
  2 goblin skeletons (D:10)
  A goblin zombie (D:10)
  3 hobgoblin skeletons (D:10)
  2 hobgoblin zombies (D:10)
  3 orc skeletons (D:10)
  14 orc zombies (D:10)
  3 rats
281 creatures vanquished.

Vanquished Creatures (others)
  A black bear (D:5)
  A kobold brigand (D:5)
  An adder (D:5)
  180 foxfires
183 creatures vanquished.

Grand Total: 464 creatures vanquished

Notes
Turn   | Place    | Note
-------+----------+-------------------------------------------
     0 | D:1      | hawla the Meteoran Fire Elementalist began the quest for
                  | the Orb.
     0 | D:1      | Reached XP level 1. HP: 14/14 MP: 5/5
    19 | D:1      | Reached XP level 2. HP: 11/20 MP: 4/6
    50 | D:2      | Learned a level 2 spell: Scorch
    93 | D:2      | Noticed a golden eye
    96 | D:2      | Found a faded altar of an unknown god.
    98 | D:2      | Noticed a great orb of eyes
    98 | D:2      | Noticed a shining eye
    98 | D:2      | Noticed a golden eye
   132 | D:2      | Reached XP level 3. HP: 26/26 MP: 0/8
   415 | D:2      | Reached skill level 1 in Evocations
   907 | D:3      | Reached XP level 4. HP: 33/33 MP: 9/9
   912 | D:3      | Learned a level 4 spell: Flame Wave
  1011 | D:4      | Noticed a phantom
  1017 | D:4      | Noticed a scorpion
  1023 | D:4      | Reached XP level 5. HP: 15/38 MP: 0/10
  1023 | D:4      | Killed a phantom
  1024 | D:4      | Reached skill level 5 in Evocations
  1024 | D:4      | Reached XP level 6. HP: 18/45 MP: 1/11
  1329 | D:4      | Reached XP level 7. HP: 35/50 MP: 3/12
  1361 | D:4      | Found a hide-covered altar of Uskayaw.
  1488 | D:5      | Entered Level 5 of the Dungeon
  1524 | D:5      | Found a large runed translucent door.
  1525 | D:5      | Found a large runed translucent door.
  1558 | D:5      | Reached skill level 1 in Short Blades
  1558 | D:5      | Reached skill level 5 in Fire Magic
  1558 | D:5      | Reached XP level 8. HP: 14/58 MP: 0/14
  1573 | D:5      | Found a broken altar of Ashenzari.
  1578 | D:5      | Reached skill level 1 in Fighting
  1915 | D:5      | Reached skill level 5 in Conjurations
  2054 | D:5      | Found a shimmering altar of Xom.
  2181 | D:5      | Identified the +4 mace of Umiss {holy, rF- Str+2 Dex+3}
  2630 | D:5      | Reached skill level 5 in Spellcasting
  2630 | D:5      | Gained mutation: You passively map the area around you.
                  | [Meteoran growth]
  2630 | D:5      | Reached XP level 9. HP: 67/68 MP: 9/17
  2636 | D:5      | Found a basalt altar of Yredelemnul.
  2643 | D:5      | Found a radiant altar of Vehumet.
  2647 | D:5      | Became a worshipper of Vehumet
  3121 | D:6      | Found a shadowy altar of Dithmenos.
  3232 | D:6      | Reached XP level 10. HP: 75/77 MP: 18/22
  3492 | D:7      | Gained mutation: Your muscles are strong. (Str +4, Int/Dex
                  | -1) [potion of mutation]
  3492 | D:7      | Gained mutation: Your spells are a little harder to cast,
                  | but a little more powerful. [potion of mutation]
  3492 | D:7      | Gained mutation: You are agile. (Dex +4, Str/Int -1)
                  | [potion of mutation]
  3492 | D:7      | Gained mutation: You have supernaturally acute eyesight.
                  | (SInv) [potion of mutation]
  3494 | D:7      | Found a staircase to the Ecumenical Temple.
  3501 | D:7      | Reached skill level 5 in Dodging
  3775 | D:8      | Reached * piety under Vehumet
  3775 | D:8      | Offered knowledge of Sandblast by Vehumet.
  3876 | D:8      | Found a bloodstained altar of Trog.
  4061 | D:8      | Found a sacrificial altar of Ru.
  4561 | D:9      | Reached skill level 10 in Fire Magic
  4633 | D:9      | Noticed a cyclops
  4636 | D:9      | Reached XP level 11. HP: 83/83 MP: 17/25
  4644 | D:9      | Killed a cyclops
  4682 | D:9      | Offered knowledge of Poisonous Vapours by Vehumet.
  4683 | D:9      | Reached skill level 10 in Spellcasting
  4700 | D:9      | Reached ** piety under Vehumet
  5314 | D:10     | Entered Level 10 of the Dungeon
  5322 | D:10     | Learned a level 4 spell: Airstrike
  5343 | D:10     | Reached skill level 1 in Air Magic
  5437 | D:10     | Found a staircase to the Orcish Mines.
  5438 | D:10     | Noticed a two-headed ogre
  5440 | D:10     | Offered knowledge of Stone Arrow by Vehumet.
  5442 | D:10     | Reached *** piety under Vehumet
  5449 | D:10     | Killed a two-headed ogre
  5450 | D:10     | Reached skill level 5 in Air Magic
  5578 | D:10     | Offered knowledge of Fulminant Prism by Vehumet.
  5590 | D:10     | Learned a level 4 spell: Dispel Undead
  5616 | D:10     | Reached skill level 1 in Necromancy
  5902 | D:10     | Noticed a two-headed ogre
  5910 | D:10     | Killed a two-headed ogre
  5928 | D:10     | Glimpsed the power of Zot.
  5936 | Orc:1    | Entered Level 1 of the Orcish Mines
  5936 | Orc:1    | Found Athrutarr's Distillery.
  5946 | Orc:1    | Reached XP level 12. HP: 71/91 MP: 22/27
  5955 | Orc:1    | Bought a potion of ambrosia for 112 gold pieces
  5955 | Orc:1    | Bought a potion of lignification for 42 gold pieces
  5955 | Orc:1    | Bought a potion of haste for 140 gold pieces
  5955 | Orc:1    | Bought a potion of brilliance for 56 gold pieces
  5955 | Orc:1    | Bought a potion of heal wounds for 70 gold pieces
  6032 | Orc:1    | Bought a potion of heal wounds for 70 gold pieces
  6051 | Orc:2    | Entered Level 2 of the Orcish Mines
  6079 | Orc:2    | Noticed an orc knight
  6097 | Orc:2    | Reached skill level 5 in Necromancy
  6097 | Orc:2    | Killed an orc knight
  6183 | Orc:2    | Reached **** piety under Vehumet
  6259 | Orc:2    | Noticed an orc knight
  6266 | Orc:2    | Offered knowledge of Fireball by Vehumet.
  6282 | Orc:2    | HP: 2/91 [orc knight/+3 dire flail of protection (14)]
  6283 | Orc:2    | Killed an orc knight
  6295 | Orc:2    | Found a staircase to the Elven Halls.
  6326 | Orc:2    | Noticed an orc knight
  6346 | Orc:2    | Killed an orc knight
  6358 | Orc:2    | Noticed an orc knight
  6389 | Orc:2    | HP: 5/136 [warg (8)]
  6389 | Orc:2    | Slain by an orc warrior

Illustrated notes

Levels and vault maps discovered:
D:1:      wander_arrival_chamber, layout_rooms
D:2:      minmay_chambers_of_twos, layout_basic,
          hellmonk_ecumenical_altar_watching_god, serial_bayou_pond_a,
          minmay_hexomino_p4
D:3:      layout_basic, nicolae_kite_square_tiling_tiny, uniq_sigmund
D:4:      layout_cave_pools, old_standard_altar, kennysheep_generic_room_6
D:5:      layout_layer_cave, xom_confusion_cloud, cheibrodos_ashenzari_chains,
          jmf_multi_god_temple2, kennysheep_cluttered_room
D:6:      layout_basic, grunt_dithmenos_smoke
D:7:      layout_loops_corners, minmay_temple_entry_tees, ebering_ghost_xom,
          corexii_item_surrounded_by_moat
D:8:      layout_basic, nicolae_ru_sacrificial_ziggurat,
          mainiacjoe_overflow_24_doors
D:9:      layout_gridville, special_room [special_room_orc]
D:10:     layout_roguey, zombieorc2_lemuel, nrook_uturn, library_closet,
          minivault_14
Orc:1:    layout_diamond_mine, serial_shops, shop
Orc:2:    st_orc_town, layout_caves

Skill      XL: |  1  2  3  4  5  6  7  8  9 10 11 12 |
---------------+-------------------------------------+-----
Fire Magic     | 4 5 6 8 10 11 | 11.5
Evocations     | 2 3 5 6 |  6.7
Conjurations   | 3 4 5 6 |  6.9
Spellcasting   | 3 5 7 9 10 11 | 11.4
Dodging        | 3 4 6 7 |  7.1
Short Blades   | 1 2 3 4 |  4.0
Fighting       | 2 3 4 |  4.1
Air Magic      | 6 |  6.1
Necromancy     | 4 6 |  6.1
Stealth        | |  1.4

Action                   |  1- 3 |  4- 6 |  7- 9 | 10-12 || total
-------------------------+-------+-------+-------+-------++-------
Melee: Unarmed           |    11 |       |       |       ||    11
       Dagger            |    42 |    59 |    57 |   181 ||   339
 Cast: Foxfire           |    22 |    16 |    23 |    40 ||   101
       Scorch            |     2 |     5 |    27 |    90 ||   124
       Flame Wave        |       |     1 |     7 |    45 ||    53
  Use: Potion            |     1 |     2 |     1 |    12 ||    16
       Scroll            |     3 |     1 |     3 |    10 ||    17
Armor: Robe              |    19 |    30 |    49 |     3 ||   101
       Steam dragon scal |       |       |       |    53 ||    53
       Skin              |       |       |       |    34 ||    34
Dodge: Dodged            |    39 |    38 |    58 |   208 ||   343
Block: Orb               |       |       |     7 |    59 ||    66
       Reflection        |       |       |       |     2 ||     2
